 Dungeon Crawl Stone Soup version 0.21.1-1-g345015f (webtiles) character file.

140 pstr the Sneak (level 5, 0/42 HPs)
             Began as a Naga Earth Elementalist on Feb 24, 2018.
             Slain by Crazy Yiuf
             ... wielding a +2 quarterstaff of chaos
              (12 damage)
             ... on level 3 of the Dungeon.
             The game lasted 00:07:53 (3297 turns).

pstr the Sneak (Naga Earth Elementalist)            Turns: 3297, Time: 00:07:54

Health: 0/42       AC:  4    Str: 11    XL:     5   Next: 23%
Magic:  1/10       EV: 10    Int: 16    God:
Gold:   149        SH:  0    Dex: 11    Spells: 6/10 levels left

rFire    . . .     SeeInvis +   m - -2 short sword (curse)
rCold    . . .     Gourm    .   (no shield)
rNeg     . . .     Faith    .   c - +0 robe
rPois    +         Spirit   .   (no helmet)
rElec    .         Reflect  .   y - +1 cloak
rCorr    .         Harm     .   (no gloves)
MR       .....                  (no barding)
Stlth    ++........             (no amulet)
HPRegen  0.14/turn              (no ring)
MPRegen  0.12/turn              (no ring)

@: very slow
A: large, see invisible, deformed body, poison resistance, slowness 2, slow
metabolism 1, spit poison 1, AC +1
a: Spit Poison


You were on level 3 of the Dungeon.
You were not hungry.

You visited 1 branch of the dungeon, and saw 3 of its levels.

You collected 149 gold pieces.

Inventory:

Hand Weapons
 k - a +0 dagger
 m - a cursed -2 short sword (weapon)
Missiles
 b - 101 stones (quivered)
 v - 42 arrows
Armour
 c - a +0 robe (worn)
 g - a +0 leather armour
 y - a +1 cloak (worn)
Jewellery
 o - a cursed amulet of inaccuracy {unknown}
Scrolls
 a - 2 scrolls of teleportation {unknown}
 f - 2 scrolls of fear {unknown}
 h - a scroll of remove curse {unknown}
 i - 2 scrolls of blinking {unknown}
 l - a scroll of fog {unknown}
 q - 3 scrolls of enchant weapon {unknown}
 r - a scroll of random uselessness {unknown}
 x - 5 scrolls of identify {unknown}
Potions
 j - 3 potions of flight {unknown}
 n - a potion of degeneration {unknown}
 p - 2 potions of curing {unknown}
 s - a potion of heal wounds {unknown}
 t - a potion of haste {unknown}
 u - a potion of brilliance
 z - a potion of mutation {unknown}
Books
 e - a book of Geomancy

   Spells                             Type                      Level
   a - Sandblast                      Earth                        1
   b - Passwall                       Transmutation/Earth          2
   c - Stone Arrow                    Conjuration/Earth            3
   d - Petrify                        Transmutation/Earth          4
   e - Lee's Rapid Deconstruction     Earth                        5
Comestibles
 d - 8 rations


   Skills:
 + Level 0.1 Fighting
 + Level 1.8 Dodging
 + Level 4.2 Stealth
 + Level 3.3 Spellcasting
 + Level 0.5 Conjurations
   Level 1.0 Transmutations
 + Level 4.2 Earth Magic


You had 6 spell levels left.
You knew the following spells:

 Your Spells              Type           Power        Failure   Level  Hunger
a - Sandblast             Erth           ###...       3%          1    None
b - Stone Arrow           Conj/Erth      ##....       21%         3    ###....


Dungeon Overview and Level Annotations

Branches:
Dungeon (3/15)

Altars:
Dithmenos
Makhleb

Annotations:
D:3 Crazy Yiuf


Innate Abilities, Weirdness & Mutations

You cannot wear boots.
Your serpentine skin is tough. (AC +1)
You have supernaturally acute eyesight. (SInv)
Armour fits poorly on your strangely shaped body.
Your system is resistant to poisons. (rPois)
You cover ground very slowly.
You have a slow metabolism.
You can spit poison.


Message History

You hit Crazy Yiuf but do no damage.
Crazy Yiuf is almost dead.
Crazy Yiuf sings, "Trees, trees, trees, circus!"
Crazy Yiuf hits you with a quarterstaff of chaos!
* * * LOW HITPOINT WARNING * * *
Casting: Sandblast
Confirm with . or Enter, or press ? or * to list all spells.
Aiming: Sandblast
Press: ? - help, Shift-Dir - straight line, f/p - Crazy Yiuf
Aim: Crazy Yiuf, wielding a quarterstaff of chaos and wearing an embroidered cloak (almost dead, unusually agile)
The blast of sand hits Crazy Yiuf.
Crazy Yiuf is almost dead.
b - 101 stones Crazy Yiuf hits you with a quarterstaff of chaos.
* * * LOW HITPOINT WARNING * * *
You have got your breath back.
Crazy Yiuf barely misses you.
Crazy Yiuf cries, "Two mumblescurry sing-song!"
Crazy Yiuf hits you with a quarterstaff of chaos!
You die...

####.......# #.#
##.....### #.#
##...#.## #.#
#.###### ###.## ###
#÷...# #....# ###
♣♣##....# #)..#♣♣
♣♣..+....#
#...'.♣♣♣♣g@....>.#
#...#♣..♣.........#
### ♣♣♣.♣...+..###
♣♣♣♣♣#####


You could see Crazy Yiuf.

Vanquished Creatures
  5 adders
  3 worms (D:2)
  4 dart slugs
  3 leopard geckos
  An orc (D:3)
  2 ball pythons (D:2)
  7 goblins
  12 hobgoblins
  6 jackals
  11 kobolds
  2 quokkas (D:3)
  5 bats
  5 frilled lizards
  8 rats
74 creatures vanquished.

Notes
Turn   | Place    | Note
-------+----------+-------------------------------------------
     0 | D:1      | pstr the Naga Earth Elementalist began the quest for the Orb.
     0 | D:1      | Reached XP level 1. HP: 15/15 MP: 3/3
    84 | D:1      | Reached XP level 2. HP: 22/22 MP: 1/5
   497 | D:1      | Reached XP level 3. HP: 28/28 MP: 2/6
   502 | D:1      | Learned a level 3 spell: Stone Arrow
  1728 | D:2      | Reached XP level 4. HP: 31/36 MP: 3/7
  2063 | D:2      | Found a burning altar of Makhleb.
  2309 | D:3      | Found a shadowy altar of Dithmenos.
  2905 | D:3      | Reached XP level 5. HP: 42/42 MP: 5/9
  3278 | D:3      | Found a runed door.
  3282 | D:3      | Noticed Crazy Yiuf
  3297 | D:3      | Slain by Crazy Yiuf

Skill      XL: |  1  2  3  4 |
---------------+-------------+-----
Earth Magic    | 4 |  4.2
Spellcasting   | 3 |  3.3
Stealth        | 4 |  4.2
Fighting       | |  0.1
Dodging        | |  1.8
Conjurations   | |  0.5
Transmutations | |  1.0

Action                   |  1- 3 |  4- 6 || total
-------------------------+-------+-------++-------
Melee: Short sword       |     7 |    16 ||    23
 Cast: Sandblast         |    26 |    34 ||    60
       Stone Arrow       |    10 |    22 ||    32
 Abil: Spit Poison       |    12 |     9 ||    21
  Use: Potion            |     3 |       ||     3
  Eat: Chunk             |     4 |     7 ||    11
Armor: Robe              |     7 |     5 ||    12
Dodge: Dodged            |    30 |    27 ||    57
